 Dungeon Crawl Stone Soup version 0.22.0-27-ga576289 (webtiles) character file.

372 sking99 the Magician (level 6, -7/28 HPs)
             Began as a Spriggan Ice Elementalist on Aug 21, 2018.
             Was an Initiate of Sif Muna.
             Killed by nerve-wracking pain
             ... invoked by Grinder
              (10 damage)
             ... on level 4 of the Dungeon.
             The game lasted 00:15:57 (5037 turns).

sking99 the Magician (Spriggan Ice Elementalist)    Turns: 5037, Time: 00:15:57

Health: -7/28      AC:  2    Str:  6    XL:     6   Next: 43%
Magic:  5/15       EV: 18    Int: 17    God:    Sif Muna [......]
Gold:   246        SH:  0    Dex: 16    Spells: 1/16 levels left

rFire    . . .     SeeInvis +   j - +1 spear
rCold    . . .     Gourm    .   (shield restricted)
rNeg     . . .     Faith    .   a - +0 robe
rPois    .         Spirit   .   (helmet restricted)
rElec    .         Reflect  .   (no cloak)
rCorr    .         Harm     .   (gloves unavailable)
MR       +....                  (boots unavailable)
Stlth    +++.......             (no amulet)
HPRegen  0.09/turn              (no ring)
MPRegen  0.14/turn              (no ring)

@: very quick
A: very small, unfitting armour, see invisible, herbivore, speed 3, slow
metabolism 2
a: Renounce Religion


You were on level 4 of the Dungeon.
You worshipped Sif Muna.
Sif Muna was noncommittal.
You were not hungry.

You visited 2 branches of the dungeon, and saw 6 of its levels.

You collected 246 gold pieces.

Inventory:

Hand Weapons
 j - a +1 spear (weapon)
Armour
 a - a +0 robe (worn)
Jewellery
 d - an uncursed ring of see invisible {unknown}
 m - an uncursed ring of wizardry {unknown}
Scrolls
 c - a scroll of enchant weapon
Potions
 e - 3 potions of curing
 f - a potion of cancellation {unknown}
 g - 2 potions of lignification
 h - a potion of resistance
 i - a potion of invisibility {unknown}
 n - 2 potions of might {unknown}
Comestibles
 b - a ration


   Skills:
 - Level 3.1 Dodging
 - Level 5.1 Stealth
 + Level 5.7 Spellcasting
 - Level 0.6 Conjurations
 + Level 4.3 Ice Magic


You had one spell level left.
You knew the following spells:

 Your Spells              Type           Power        Failure   Level  Hunger
a - Freeze                Ice            ###.         2%          1    None
b - Throw Frost           Conj/Ice       ##....       8%          2    #......
c - Ozocubu's Armour      Chrm/Ice       ##......     16%         3    ##.....
d - Apportation           Tloc           #.....       13%         1    None
e - Throw Icicle          Conj/Ice       ##......     43%         4    ####...
f - Summon Ice Beast      Ice/Summ       ##......     47%         4    ####...

Your spell library contained the following spells:

 Spells                   Type           Power        Failure   Level  Hunger
 Animate Skeleton         Necr           N/A          13%         1    None
 Confusing Touch          Hex            #.....       13%         1    None
 Summon Small Mammal      Summ           #...         13%         1    None


Dungeon Overview and Level Annotations

Branches:
Dungeon (5/15)             Temple (1/1) D:4

Altars:
Ashenzari
Dithmenos
Elyvilon
Fedhas
Gozag
Kikubaaqudgha
Makhleb
Nemelex Xobeh
Qazlal
Sif Muna
Trog
Uskayaw
Wu Jian
Xom
Yredelemnul
Zin
The Shining One

Shops:
D:4 *

Annotations:
D:4 Grinder


Innate Abilities, Weirdness & Mutations

You are very small and have problems with some larger weapons.
You are too small for most types of armour.
You have supernaturally acute eyesight. (SInv)
You are a herbivore.
You cover ground extremely quickly.
You need to consume almost no food.


Message History

Confirm with . or Enter, or press ? or * to list all spells.
Aiming: Freeze (safe; 2% risk of failure)
Press: ? - help, Shift-Dir - straight line, f/p - Grinder
Aim: Grinder (lightly wounded)
You freeze Grinder.
Grinder resists.
Grinder is lightly wounded.
Grinder hits you!
Casting: Freeze (safe; 2% risk of failure)
Confirm with . or Enter, or press ? or * to list all spells.
Aiming: Freeze (safe; 2% risk of failure)
Press: ? - help, Shift-Dir - straight line, f/p - Grinder
Aim: Grinder (lightly wounded)
You freeze Grinder.
Grinder completely resists.
Grinder is lightly wounded.
Grinder gestures at you. Pain shoots through your body!
* * * LOW HITPOINT WARNING * * *
Grinder gestures at you. Pain shoots through your body!
You die...

##......#.....#
...##.###.....##########
##.##...#.....#.....[..##
......#.'..>..'.###.##..#
#..######.....#####.###.#
#..# #.....##...####'## ...#
#..(..##.#####..^## #.##
####)####.####.^^^.# #.#
#.#......@..###^..########
..#
###......#..####.._..##....#
### #.....##.#..#
###########.# #
##.#.#.##....# ########.# #
#.........#5######
#.....##.#
#####....#.##.#(>5...#
##.##.##.#
....#....#...........#
#.##.##.#
.....................#
#.......#
....#......##.##.....#
####.####


You could see Grinder.

Vanquished Creatures
  An ogre (D:3)
  A scorpion (D:4)
  A hound (D:5)
  Terence (D:2)
  2 worker ants
  A hound zombie (D:2)
  4 adders
  An adder skeleton (D:4)
  2 worms (D:2)
  A dart slug (D:1)
  3 leopard geckos
  4 orcs (D:4)
  2 ball pythons (D:3)
  9 bats
  A giant cockroach (D:1)
  5 goblins
  8 hobgoblins
  3 jackals (D:2)
  12 kobolds
  2 quokkas (D:4)
  6 frilled lizards
  5 rats
  A spectral orc (D:4)
76 creatures vanquished.

Notes
Turn   | Place    | Note
-------+----------+-------------------------------------------
     0 | D:1      | sking99 the Spriggan Ice Elementalist began the quest for the Orb.
     0 | D:1      | Reached XP level 1. HP: 9/9 MP: 5/5
   249 | D:1      | Reached XP level 2. HP: 13/13 MP: 4/7
  1075 | D:1      | Learned a level 2 spell: Throw Frost
  1198 | D:2      | Reached XP level 3. HP: 12/16 MP: 2/9
  1429 | D:2      | Reached XP level 4. HP: 16/21 MP: 7/10
  1941 | D:2      | Learned a level 3 spell: Ozocubu's Armour
  2543 | D:2      | Reached skill level 5 in Stealth
  2651 | D:3      | Noticed Terence
  2831 | D:2      | Killed Terence
  2831 | D:2      | Reached XP level 5. HP: 13/24 MP: 3/12
  3275 | D:3      | Noticed an ogre
  3309 | D:3      | Killed an ogre
  3309 | D:3      | Reached skill level 5 in Spellcasting
  3535 | D:4      | Found a staircase to the Ecumenical Temple.
  3541 | Temple   | Entered the Ecumenical Temple
  3660 | D:4      | Found a basalt altar of Yredelemnul.
  3692 | Temple   | Became a worshipper of Sif Muna the Loreminder
  3940 | D:4      | Found Linoh's Assorted Antiques.
  4017 | D:4      | Reached XP level 6. HP: 28/28 MP: 10/14
  4539 | D:5      | Entered Level 5 of the Dungeon
  4585 | D:5      | Learned a level 1 spell: Apportation
  4590 | D:5      | Learned a level 4 spell: Throw Icicle
  4595 | D:5      | Learned a level 4 spell: Summon Ice Beast
  4650 | D:5      | Noticed an ice beast
  4865 | D:5      | Noticed Grinder
  4899 | D:5      | Paralysed by Grinder for 4 turns
  5037 | D:4      | Killed from afar by Grinder

Skill      XL: |  1  2  3  4  5 |
---------------+----------------+-----
Spellcasting   | 3 4 5 |  5.7
Stealth        | 4 5 |  5.1
Ice Magic      | 3 4 |  4.3
Dodging        | |  3.1
Conjurations   | |  0.6

Action                   |  1- 3 |  4- 6 || total
-------------------------+-------+-------++-------
Melee: Unarmed           |     1 |       ||     1
       Spear             |       |    57 ||    57
       Short sword       |       |     5 ||     5
 Cast: Freeze            |    50 |    85 ||   135
       Throw Frost       |     1 |    43 ||    44
  Use: Potion            |     1 |       ||     1
       Scroll            |       |     5 ||     5
 Stab: Sleeping          |       |     1 ||     1
  Eat: Ration            |       |     1 ||     1
Armor: Robe              |     4 |     3 ||     7
Dodge: Dodged            |    25 |    75 ||   100
